 Dungeon Crawl Stone Soup version 0.27-a0-550-ge92ec0ca06 (webtiles) character file.

Game seed: 16299980139038988867

48 siradein the Slasher (level 3, -1/27 HPs)
             Began as a Demonspawn Gladiator on Mar 7, 2021.
             Slain by Robin
             ... wielding a +0 mace
              (3 damage)
             ... on level 1 of the Dungeon.
             The game lasted 00:01:47 (1597 turns).

siradein the Slasher (Demonspawn Gladiator)         Turns: 1597, Time: 00:01:48

Health: -1/27      AC:  3    Str: 14    XL:     3   Next: 50%
Magic:  3/3        EV: 12    Int:  9    God:
Gold:   14         SH:  0    Dex: 15    Spells: 2/2 levels left

rFire    . . .     SeeInvis .   a - +0 long sword
rCold    . . .     Faith    .   (no shield)
rNeg     . . .     Spirit   .   b - +0 leather armour
rPois    .         Reflect  .   (helmet restricted)
rElec    .         Harm     .   (no cloak)
rCorr    .         Rampage  .   (no gloves)
Will     .....                  (no boots)
Stlth    +.........             (no amulet)
HPRegen  0.09/turn              (no ring)
MPRegen  0.08/turn              (no ring)

@: no status effects
A: antennae 1, claws 1
a: no special abilities


You were on level 1 of the Dungeon.
You visited 1 branch of the dungeon, and saw 2 of its levels.

You collected 14 gold pieces.

Inventory:

Hand Weapons
 a - a +0 long sword (weapon)
Missiles
 d - 3 throwing nets
 k - 15 poisoned darts (quivered)
Armour
 b - a +0 leather armour (worn)
 c - a +0 helmet
Scrolls
 e - a scroll of noise {unknown}
 g - a scroll of fog {unknown}
 h - a scroll of teleportation {unknown}
 m - 3 scrolls of immolation {unknown}
 n - 2 scrolls of identify {unknown}
Potions
 f - a potion of lignification {unknown}
 i - a potion of flight {unknown}
 j - a potion of mutation {unknown}
 l - a potion of heal wounds {unknown}


   Skills:
 - Level 2.0 Fighting
 + Level 4.1 Long Blades
 - Level 1.7 Throwing
 - Level 2.6 Dodging


You had 2 spell levels left.
You didn't know any spells.
Your spell library was empty.

Dungeon Overview and Level Annotations

Branches:
Dungeon (2/15)

Altars:
Elyvilon
Okawaru
Vehumet
Yredelemnul

Annotations:
D:1 Robin


Innate Abilities, Weirdness & Mutations

You have a pair of small antennae on your head.
You have sharp fingernails.


Message History

The goblin barely misses you.
You riposte.
You slash the goblin!
You kill the goblin!
The goblin hits you with a +0 dagger.
* * * LOW HITPOINT WARNING * * *
You hit the goblin.
The goblin is heavily wounded.
The goblin closely misses you.
You slash the goblin!
You kill the goblin!
The hobgoblin no longer looks unusually strong.
A goblin comes into view. It is wielding a +0 club.
You slash the goblin!
You kill the goblin!
The goblin no longer looks unusually strong.
You slash the kobold!
You kill the kobold!
Robin roars a battlecry!
The goblins go into a battle-frenzy!
There is a stone staircase leading up here.
Items here: ( ))) †††††.
The goblin no longer looks unusually strong.
Robin hits you with a +0 mace.
* * * LOW HITPOINT WARNING * * *
You climb upwards.
There is a stone staircase leading down here.
Robin barely misses you.
You riposte.
You barely miss Robin. You hit Robin.
Robin is moderately wounded.
Robin hits you with a +0 mace.
* * * LOW HITPOINT WARNING * * *
You hit Robin.
Robin is heavily wounded.
Robin misses you.
You hit Robin.
Robin is heavily wounded.
Robin barely misses you.
You hit Robin.
Robin is heavily wounded.
Robin hits you with a +0 mace.
You die...

############ #..........# #
#..........# ### #..........# #..
#..........####### #..
#..........'.....# ####..
###..........#####.# #.....
##............#####.# #.##.#
....###...###...@g.># ####.##.#
#'#.# #...# #.######## #........
....###...###........# #....##..
............(........# #....##..
................>....# #........
.......[......##'########....##.#
....###...###....##..........##.#
....# #...# #..####.............#
#'#)###...###.#####............##


You could see Robin.

Vanquished Creatures
  2 dart slugs (D:1)
  3 bats
  3 giant cockroaches
  5 hobgoblins
  2 frilled lizards
  13 goblins
  7 kobolds
  2 rats
37 creatures vanquished.

Vanquished Creatures (others)
  A rat (D:2)
1 creature vanquished.

Grand Total: 38 creatures vanquished

Notes
Turn   | Place    | Note
-------+----------+-------------------------------------------
     0 | D:1      | siradein the Demonspawn Gladiator began the quest for the
                  | Orb.
     0 | D:1      | Reached XP level 1. HP: 16/16 MP: 1/1
    83 | D:1      | You fall into a shaft and drop 1 floor!
    83 | D:2      | Found a radiant altar of Vehumet.
    90 | D:2      | Reached skill level 3 in Long Blades
   125 | D:2      | Found an iron altar of Okawaru.
   125 | D:2      | Found a basalt altar of Yredelemnul.
   183 | D:1      | Gained mutation: You have sharp fingernails. [demonic
                  | ancestry]
   183 | D:1      | Reached XP level 2. HP: 12/22 MP: 2/2
   793 | D:1      | Gained mutation: You have a pair of small antennae on your
                  | head. [demonic ancestry]
   793 | D:1      | Reached XP level 3. HP: 25/27 MP: 3/3
  1246 | D:1      | Reached skill level 4 in Long Blades
  1572 | D:2      | Noticed Robin
  1594 | D:1      | HP: 1/27 [Robin/+0 mace (3)]
  1597 | D:1      | Slain by Robin

Illustrated notes

Levels and vault maps discovered:
D:1:      wheals_arrival_linesprint, layout_basic,
          hangedman_abyss_or_decor_lesser_grid, minmay_misc_feat_cross,
          roderic_roman_lattice, grunt_decor_mini_mirrors
D:2:      layout_rooms, grunt_temple_overflow_open,
          chequers_ecumenical_altar_twisty, uniq_robin

Skill      XL: |  1  2  3 |
---------------+----------+-----
Long Blades    | 3 4 |  4.1
Fighting       | |  2.0
Throwing       | |  1.7
Dodging        | |  2.6

Action                   || total
-------------------------++-------
Melee: Long sword        ||    84
Armor: Leather armour    ||    21
Dodge: Dodged            ||    87
       Rpst.: Long sword ||    25

Table legend: (Time is in decaauts)
 A = Elapsed time spent in this place.
 B = Non-inter-level travel time spent in this place.
 C = Inter-level travel time spent in this place.
 D = Time resting spent in this place.
 E = Time spent auto-exploring this place.
 F = Levels seen in this place.
 G = Mean time per level.
                   A        B        C        D        E       F      G
               +--------+--------+--------+--------+--------+-----+--------+
         Total |   1616 |   1516 |    100 |      0 |   1285 |   2 |  808.0 |
       Dungeon |   1616 |   1516 |    100 |      0 |   1285 |   2 |  808.0 |
               +--------+--------+--------+--------+--------+-----+--------+

Top non-repeatable levels by time:
     D:1: 1481 daAuts
     D:2: 134 daAuts
